 Dungeon Crawl Stone Soup version 0.28.0-45-g0d030f2227 (webtiles) character file.

Game seed: 18399900803977169787

1 McKennaii the Conjurer (level 1, -7/13 HPs)
             Began as a Demonspawn Conjurer on Apr 8, 2022.
             Mangled by Sigmund
             ... wielding a +2 scythe of venom
              (13 damage)
             ... on level 2 of the Dungeon.
             The game lasted 00:00:07 (54 turns).

McKennaii the Conjurer (Demonspawn Conjurer)          Turns: 54, Time: 00:00:07

Health: -7/13      AC:  2    Str:  7    XL:     1   Next: 16%
Magic:  0/3        EV: 12    Int: 19    God:
Gold:   0          SH:  0    Dex: 11    Spells: 3/4 levels left

rFire   . . .      SeeInvis .   (no weapon)
rCold   . . .      Faith    .   (no shield)
rNeg    . . .      Spirit   .   a - +0 robe
rPois   .          Reflect  .   (no helmet)
rElec   .          Harm     .   (no cloak)
rCorr   .          Rampage  .   (no gloves)
Will    .....                   (no boots)
Stlth   ++........              (no amulet)
HPRegen 0.04/turn               (no ring)
MPRegen 0.08/turn               (no ring)

@: lethally poisoned (-7 -> -14), very slightly contaminated
A: no striking features
a: no special abilities


You were on level 2 of the Dungeon.
You visited 1 branch of the dungeon, and saw 2 of its levels.

Inventory:

Armour
 a - a +0 robe (worn)


   Skills:
 - Level 1.7 Dodging
 - Level 1.7 Stealth
 + Level 2.0 Spellcasting
 + Level 4.0 Conjurations


You had 3 spell levels left.
You knew the following spells:

 Your Spells              Type           Power      Damage    Failure   Level
a - Magic Dart            Conj           68%        1d6       3%          1

Your spell library contained the following spells:

 Spells                   Type           Power      Damage    Failure   Level
 Searing Ray              Conj           34%        2d5       4%          2
 Dazzling Flash           Conj/Hex       18%        N/A       22%         3
 Fulminant Prism          Conj/Hex       4%         3d6       58%         4
 Iskenderun's Mystic Bla  Conj/Tloc      9%         2d4       58%         4


Dungeon Overview and Level Annotations

Branches:
Dungeon (1/15)

Altars:

Annotations:
D:2 Sigmund


Message History

A hobgoblin comes into view.
The magic dart hits the hobgoblin.
The hobgoblin is almost dead.
The hobgoblin shouts!
A hobgoblin is nearby!
The magic dart hits the hobgoblin.
You kill the hobgoblin!
You can't see any susceptible monsters within range! (Use Z to cast anyway.) Magic restored.
You see here a hobgoblin corpse.
A sourceless malevolence fills the Dungeon...
You fall into a shaft and drop 1 floor!
The shaft crumbles and collapses.
Found 38 stones.
Sigmund the Dreaded comes into view.
He is wielding a +2 scythe of venom and carrying a wand of digging (4).
The magic dart hits Sigmund.
Sigmund is lightly wounded.
Sigmund is nearby!
You miscast Magic Dart.
You are very lightly contaminated with residual magic.
Nothing appears to happen.
The magic dart hits Sigmund but does no damage.
Sigmund is lightly wounded.
Sigmund is nearby!
You are too depleted to draw on your mana recklessly!
You are too depleted to draw on your mana recklessly!
You are too depleted to draw on your mana recklessly!
You are too depleted to draw on your mana recklessly!
Sigmund completely misses you.
Sigmund hits you with a +2 scythe of venom.
You are lethally poisoned!
You closely miss Sigmund.
Sigmund is lightly wounded.
You feel very sick.
You hit Sigmund but do no damage.
Sigmund is lightly wounded.
You feel sick.
Sigmund hits you with a +2 scythe of venom!
Ouch! That really hurt!
You die...

.. . # .#....####. . ..
#.#.....##.#. .#
#....#.##..###.##
#....#.##...#...##.
###....#(##.........#
#.........##.........
..#..................(#
......@@....##.........
..##.....#.###........#
#..................#
#....................#
^..#.#.........###.####
.# #.#.###.##..# .# #
#. #.##..# # #. #.##..#


You could see Sigmund.

Vanquished Creatures
  A hobgoblin (D:1)
1 creature vanquished.

Notes
Turn   | Place    | Note
-------+----------+-------------------------------------------
     0 | D:1      | McKennaii the Demonspawn Conjurer began the quest for the
                  | Orb.
     0 | D:1      | Reached XP level 1. HP: 13/13 MP: 3/3
    40 | D:1      | You fall into a shaft and drop 1 floor!
    46 | D:2      | Noticed Sigmund
    54 | D:2      | Mangled by Sigmund

Illustrated notes

Levels and vault maps discovered:
D:1:      amcnicky_arrival_feature_with_door, layout_basic,
          shapermc_ecumenical_altar_hornbeckon
D:2:      layout_loops_ring, basic_altar, uniq_sigmund

Action                   || total
-------------------------++-------
Melee: Unarmed           ||     2
 Cast: Magic Dart        ||     4
Dodge: Dodged            ||     1
